 Dungeon Crawl Stone Soup version 0.25-a0-589-g1e14c54 (webtiles) character file.

Game seed: 8923462762469920862, levelgen mode: deterministic

14046 BlueFish the Carver (level 11, -8/101 HPs)
             Began as a Minotaur Fighter on Mar 10, 2020.
             Was an Elder of Yredelemnul.
             Mangled by an ice devil (16 damage)
             ... in an ice cave.
             The game lasted 00:22:31 (13565 turns).

BlueFish the Carver (Minotaur Fighter)             Turns: 13565, Time: 00:22:31

Health: -8/101     AC: 19    Str: 20    XL:     11   Next: 83%
Magic:  15/15      EV:  8    Int:  5    God:    Yredelemnul [****..]
Gold:   933        SH:  5    Dex: 18    Spells: 10/10 levels left

rFire    . . .     SeeInvis .   u - +3 scimitar
rCold    . . .     Gourm    .   A - +0 buckler
rNeg     . . .     Faith    +   o - +0 plate armour
rPois    .         Spirit   .   (helmet restricted)
rElec    .         Reflect  .   t - +0 cloak
rCorr    .         Harm     .   s - +1 pair of gloves
MR       .....                  (no boots)
Stlth    ..........             r - amulet of faith
HPRegen  0.26/turn              b - ring of flight
MPRegen  0.14/turn              n - +4 ring of dexterity

@: no status effects
A: retaliatory headbutt, horns 2
a: Recall Undead Slaves, Injury Mirror, Animate Dead, Drain Life, Renounce
Religion, Evoke Flight


You were in an ice cave.
You worshipped Yredelemnul.
Yredelemnul was greatly pleased with you.
You were not hungry.

You visited 3 branches of the dungeon, and saw 14 of its levels.
You also visited: Ice Cave.

You collected 933 gold pieces.

Inventory:

Hand Weapons
 a - a +0 long sword
 u - a +3 scimitar (weapon)
 J - a +0 short sword of draining
Armour
 c - a +0 kite shield
 o - a +0 plate armour (worn)
 s - a +1 pair of gloves (worn)
 t - a +0 cloak (worn)
 A - a +0 buckler (worn)
Jewellery
 b - a ring of flight (left hand)
 n - a +4 ring of dexterity (right hand)
 r - an amulet of faith (around neck)
Wands
 d - a wand of acid (5)
 y - a wand of random effects (23)
 B - a wand of iceblast (12)
 D - a wand of enslavement (2)
 E - a wand of scattershot (7)
 F - a wand of disintegration (25)
 I - a wand of flame (26)
Scrolls
 e - 3 scrolls of teleportation
 p - 5 scrolls of blinking
 x - a scroll of enchant weapon
 z - a scroll of magic mapping
 C - a scroll of identify
 G - a scroll of remove curse
 H - a scroll of enchant armour
Potions
 g - 2 potions of flight
 h - 2 potions of magic
 i - a potion of haste
 j - 2 potions of cancellation
 k - 3 potions of curing
 l - 2 potions of stabbing
 m - 5 potions of mutation
 q - a potion of lignification
 v - 3 potions of brilliance
 w - a potion of resistance
Comestibles
 f - 38 rations


   Skills:
 * Level 10.4 Fighting
 * Level 14.1 Long Blades
 * Level 12.3 Armour
 + Level 1.6 Dodging
 * Level 4.2 Shields
 * Level 6.9 Invocations


You had 10 spell levels left.
You didn't know any spells.
Your spell library contained the following spells:

 Spells                   Type           Power        Failure   Level  Hunger
 Corona                   Hex            #......      100%        1    ##.....
 Foxfire                  Conj/Fire      #...         100%        1    ##.....
 Infusion                 Chrm           #...         100%        1    ##.....
 Shroud of Golubria       Chrm/Tloc      #.....       100%        2    ###....
 Slow                     Hex            #.......     100%        2    ###....
 Song of Slaying          Chrm           #.......     100%        2    ###....
 Confusing Touch          Hex            #.......     100%        3    ####...
 Conjure Flame            Conj/Fire      #.......     100%        3    ####...
 Gell's Gravitas          Tloc           #.........   100%        3    ####...
 Inner Flame              Hex/Fire       #.......     100%        3    ####...
 Ozocubu's Armour         Chrm/Ice       #.......     100%        3    ####...
 Portal Projectile        Hex/Tloc       #.....       100%        3    ####...
 Spectral Weapon          Hex/Chrm       #.......     100%        3    ####...
 Cause Fear               Hex            #.........   100%        4    #####..
 Leda's Liquefaction      Hex/Erth       #.........   100%        4    #####..
 Passage of Golubria      Tloc           N/A          100%        4    #####..
 Petrify                  Tmut/Erth      #.......     100%        4    #####..
 Sticky Flame             Conj/Fire      #.......     100%        4    #####..
 Summon Lightning Spire   Summ/Air       #.......     100%        4    #####..
 Fireball                 Conj/Fire      #.........   100%        5    ######.
 Metabolic Englaciation   Hex/Ice        #.........   100%        5    ######.
 Summon Mana Viper        Hex/Summ       #.......     100%        5    ######.
 Yara's Violent Unravell  Hex/Tmut       #.........   100%        5    ######.
 Summon Hydra             Summ           #.........   100%        7    #######


Dungeon Overview and Level Annotations

Branches:
Dungeon (11/15)            Temple (1/1) D:5            Lair (2/6) D:11
    Orc (0/2) D:9           IceCv (1/1)
  Swamp: Lair:2-4    Shoals: Lair:2-4     Snake: Lair:2-4    Spider: Lair:2-4

Altars:
Ashenzari
Cheibriados
Dithmenos
Elyvilon
Fedhas
Gozag
Hepliaklqana
Kikubaaqudgha
Makhleb
Nemelex Xobeh
Okawaru
Qazlal
Ru
Sif Muna
Trog
Uskayaw
Vehumet
Wu Jian
Xom
Yredelemnul
Zin
The Shining One

Shops:
D:6 %   D:9 }

Annotations:
D:11 3 runed translucent doors, zbzbzb's ghost, novice OpCj IceCv exclusion: ice statue


Innate Abilities, Weirdness & Mutations

You reflexively headbutt those who attack you in melee.
You have a pair of horns on your head.


Message History

The ice devil is heavily wounded.
You block the ice devil's attack.
You barely miss the ice devil. You headbutt the ice devil!
The ice devil is severely wounded.
The ice devil hits you but does no damage.
Your plate armour prevents you from hitting the ice devil.
The ice devil is severely wounded.
You hit the ice devil.
The ice devil is severely wounded.
The ice devil closely misses you.
You hit the ice devil.
The ice devil is severely wounded.
The ice devil hits you but does no damage.
You hit the ice devil.
The ice devil is almost dead.
The ice devil hits you!
* * * LOW HITPOINT WARNING * * *
The ice devil freezes you!
You die...
Your body rises from the dead as a mindless zombie.

##...## ##...#
#...## #...##
##...# ####...##
##?#.....#8
##...........#
#.@4..........#
#.............#
#...............
#...............
#.......⌠.......
#...............
#............
##.........


You could see an ice devil.

Vanquished Creatures
  Fannar (D:10)
  A cyclops (D:11)
  An ice statue (IceCv)
  A centaur zombie (D:10)
  A spiny frog (Lair:1)
  3 gargoyles (D:10)
  A rime drake (Lair:2)
  2 ice devils (IceCv)
  2 komodo dragons (Lair:1)
  A queen bee (D:10)
  A troll (D:10)
  A hippogriff (D:7)
  5 yaks
  Edmund (D:4)
  Menkaure (D:6)
  2 water moccasins (Lair:1)
  A porcupine (Lair:1)
  4 sky beasts
  2 orc warriors
  A necrophage (D:8)
  6 centaurs
  2 phantoms
  4 ogres
  2 crocodiles (Lair:1)
  2 big kobolds (D:8)
  6 bullfrogs
  Blork the orc (D:4)
  A water moccasin zombie (D:10)
  A wyvern skeleton (D:11)
  A scorpion (D:9)
  18 killer bees
  7 wights
  3 howler monkeys
  5 crimson imps
  4 hounds
  A bullfrog zombie (D:8)
  A gnoll shaman (D:5)
  2 orc priests (D:7)
  3 jellies
  A bullfrog skeleton (D:11)
  2 iguanas
  8 orc wizards
  5 worker ants
  A killer bee zombie (D:10)
  2 hound skeletons
  6 gnolls (D:6)
  A worker ant zombie (D:7)
  8 adders
  2 shadow imps
  9 white imps (Lair:2)
  An ooze (D:1)
  An adder zombie (D:7)
  3 adder skeletons
  2 worms
  4 dart slugs
  4 leopard geckos (D:6)
  30 orcs
  2 giant cockroaches
  3 goblins
  5 hobgoblins
  9 jackals
  2 quokkas
  A ball python (D:5)
  4 bats
  6 frilled lizards
  12 kobolds
  3 quokka skeletons
  A quokka zombie (D:6)
  10 rats
251 creatures vanquished.

Vanquished Creatures (collateral kills)
  A two-headed ogre (D:11)
  A skeletal warrior (D:11)
  The ghost of DankestMemes the Insei, a novice DsMo of Makhleb (D:8)
  An ugly thing (D:11)
  An orc knight (D:11)
  A deep elf mage (D:11)
  A komodo dragon (D:11)
  A rime drake (Lair:1)
  A troll (D:11)
  A wraith (D:10)
  A yak (D:10)
  An ice beast (D:11)
  A sky beast (D:11)
  4 bullfrogs
  A scorpion (D:9)
  5 killer bees (D:10)
  2 electric eels (D:9)
  2 howler monkeys (D:11)
  A crimson imp (D:7)
  A bullfrog zombie (D:11)
  A centaur zombie (D:8)
  A bullfrog skeleton (D:11)
  An iguana (D:6)
  2 worker ants (D:9)
  3 white imps (Lair:2)
  An orc (D:7)
  A butterfly (Lair:1)
  4 fungi (Lair:1)
43 creatures vanquished.

Vanquished Creatures (others)
  8 flying skulls
  3 wraiths (D:11)
  3 yak zombies (D:10)
  A yak skeleton (Lair:1)
  2 bullfrog skeletons
  A killer bee zombie (D:10)
  A mummy (D:10)
  A jackal skeleton (D:7)
  2 orc skeletons (D:7)
  A plant (D:11)
23 creatures vanquished.

Grand Total: 317 creatures vanquished

Notes
Turn   | Place    | Note
-------+----------+-------------------------------------------
     0 | D:1      | BlueFish the Minotaur Fighter began the quest for the Orb.
     0 | D:1      | Reached XP level 1. HP: 19/19 MP: 0/0
   315 | D:1      | Reached XP level 2. HP: 21/27 MP: 1/1
   852 | D:2      | Reached XP level 3. HP: 33/33 MP: 2/2
   880 | D:2      | Reached skill level 3 in Long Blades
   881 | D:2      | Reached XP level 4. HP: 27/41 MP: 3/3
  1742 | D:3      | Found an ornate altar of the Wu Jian Council.
  1827 | D:3      | Reached skill level 4 in Long Blades
  2181 | D:3      | Reached XP level 5. HP: 26/47 MP: 4/4
  2477 | D:4      | Noticed Edmund
  2490 | D:4      | Killed Edmund
  2490 | D:4      | Reached skill level 5 in Fighting
  2490 | D:4      | Reached skill level 5 in Long Blades
  2490 | D:4      | Reached skill level 5 in Armour
  2490 | D:4      | Reached skill level 1 in Dodging
  2490 | D:4      | Reached XP level 6. HP: 7/56 MP: 5/5
  2981 | D:4      | Reached skill level 6 in Long Blades
  2991 | D:4      | Noticed a sky beast
  3003 | D:4      | Killed a sky beast
  3003 | D:4      | Reached XP level 7. HP: 33/61 MP: 6/6
  3108 | D:4      | Noticed Blork the orc
  3122 | D:4      | Killed Blork the orc
  3682 | D:5      | Entered Level 5 of the Dungeon
  3870 | D:5      | Found a staircase to the Ecumenical Temple.
  3885 | Temple   | Entered the Ecumenical Temple
  3965 | Temple   | Became a worshipper of Yredelemnul the Dark
  4071 | D:5      | Reached skill level 7 in Long Blades
  4584 | D:5      | Found a white marble altar of Elyvilon.
  5042 | D:5      | Reached skill level 1 in Invocations
  5204 | D:5      | Reached XP level 8. HP: 36/70 MP: 7/7
  5380 | D:6      | Reached skill level 8 in Long Blades
  5503 | D:6      | Reached * piety under Yredelemnul
  5547 | D:6      | Reached skill level 9 in Long Blades
  5662 | D:6      | Noticed Menkaure
  5668 | D:6      | Killed Menkaure
  5702 | D:6      | Found Daphoid's Food Shoppe.
  5886 | D:6      | Reached XP level 9. HP: 79/79 MP: 9/9
  6041 | D:7      | Found a glowing golden altar of the Shining One.
  6059 | D:7      | Reached ** piety under Yredelemnul
  6059 | D:7      | Reached skill level 10 in Long Blades
  6447 | D:7      | Found a shattered altar of Ashenzari.
  6450 | D:7      | Found a shadowy altar of Dithmenos.
  6453 | D:7      | Found a blossoming altar of Fedhas.
  6465 | D:7      | Found a sparkling altar of Nemelex Xobeh.
  6918 | D:8      | Reached skill level 11 in Long Blades
  6934 | D:8      | Reached *** piety under Yredelemnul
  7082 | D:8      | Received a gift from Yredelemnul (5 flying skulls)
  7354 | D:8      | Found a runed translucent door.
  7362 | D:8      | Noticed DankestMemes's ghost (novice DsMo)
  7372 | D:8      | Killed DankestMemes's ghost
  7689 | D:9      | Reached XP level 10. HP: 90/90 MP: 12/12
  7714 | D:9      | Found a transporter.
  7714 | D:9      | Found a transporter.
  7758 | D:9      | Found Ynne Hok's Gadget Boutique.
  7962 | D:9      | Found a staircase to the Orcish Mines.
  8096 | D:10     | Entered Level 10 of the Dungeon
  8099 | D:10     | Reached skill level 12 in Long Blades
  8143 | D:10     | Noticed a gargoyle
  8149 | D:10     | Killed a gargoyle
  8214 | D:10     | Received a gift from Yredelemnul (a mummy)
  8382 | D:10     | Noticed a gargoyle
  8439 | D:10     | Killed a gargoyle
  8439 | D:10     | Reached skill level 5 in Invocations
  8830 | D:10     | Received a gift from Yredelemnul (a wraith)
  9183 | D:10     | Noticed Fannar
  9227 | D:10     | Killed Fannar
  9227 | D:10     | Reached skill level 10 in Armour
  9571 | D:10     | Reached skill level 13 in Long Blades
  9728 | D:10     | Reached **** piety under Yredelemnul
  9729 | D:10     | Received a gift from Yredelemnul (a wraith)
  9751 | D:10     | Reached XP level 11. HP: 39/97 MP: 14/14
 10382 | D:11     | Found a runed translucent gate.
 10383 | D:11     | Found a runed translucent gate.
 10384 | D:11     | Found a runed translucent gate.
 10384 | D:11     | Noticed a nine-headed hydra
 10384 | D:11     | Noticed zbzbzb's ghost (novice OpCj)
 10548 | D:11     | Noticed an orc knight
 10549 | D:11     | Noticed a skeletal warrior
 10553 | D:11     | Noticed a deep elf mage
 10563 | D:11     | Killed an orc knight
 10944 | D:11     | Found a staircase to the Lair.
 10958 | D:11     | Received a gift from Yredelemnul (3 flying skulls)
 10975 | D:11     | Identified the Papyrus of Quantum Summoning
 11037 | D:11     | Killed a skeletal warrior
 11058 | D:11     | Killed a deep elf mage
 11403 | D:11     | Received a gift from Yredelemnul (a wraith)
 11411 | D:11     | Noticed a two-headed ogre
 11422 | D:11     | Killed a two-headed ogre
 11590 | D:11     | Noticed a green ugly thing
 11609 | D:11     | Killed a green ugly thing
 11609 | D:11     | Reached skill level 10 in Fighting
 12183 | Lair:1   | Entered Level 1 of the Lair of Beasts
 12526 | Lair:1   | Received a gift from Yredelemnul (a wraith)
 12552 | Lair:1   | Reached skill level 14 in Long Blades
 13162 | Lair:2   | Found a frozen archway.
 13173 | Lair:2   | Received a gift from Yredelemnul (a wight)
 13221 | IceCv    | Entered an ice cave
 13565 | IceCv    | Mangled by an ice devil

Levels and vault maps discovered:
D:1:      nicolae_arrival_washed_ashore, layout_loops_ring,
          minmay_misc_feat_ornament
D:2:      layout_basic
D:3:      layout_basic, lemuel_crystal_altar
D:4:      layout_gridville, uniq_edmund, uniq_blork_the_orc
D:5:      layout_cave_pods, marbit_many_paths, minmay_temple_entry_grid,
          first_ration
D:6:      layout_rooms, serial_shops, shop_fountains, minmay_lizard_king,
          uniq_menkaure
D:7:      layout_loops_ring, grunt_temple_overflow_cloverleaf, basic_altar
D:8:      layout_basic, ebering_ghost_reflecting_pool
D:9:      gammafunk_steamed_eel, layout_cave_pools, orc_0_dummy, serial_shops,
          kennysheep_mini
D:10:     layout_loops_corners, special_room [special_room_bee], uniq_fannar
D:11:     minmay_curly_fans, layout_long_grid, lair_entry_dummy,
          gammafunk_ghost_hydra_chop
Temple:   nicolae_temple_elliptical
Lair:1:   layout_chaotic_city, grunt_megastairs_5, lemuel_fruit_tree,
          lemuel_fruit_fields
Lair:2:   beast_lair_carwin_large_2, layout_cave_shapes,
          spider_nest_entry_web_field, portal_ice_cave_entry_imps, uniq_harold,
          uniq_sonja
IceCv:    ice_cave_tombish

Skill      XL: |  1  2  3  4  5  6  7  8  9 10 11 |
---------------+----------------------------------+-----
Fighting       | 4 5 6 7 8 9 10 | 10.4
Armour         | 4 5 6 7 8 9 10 12 | 12.3
Long Blades    | 3 4 5 6 7 9 11 13 14 | 14.1
Shields        | 4 |  4.2
Dodging        | 1 |  1.6
Invocations    | 1 2 4 5 6 |  6.9

Action                   |  1- 3 |  4- 6 |  7- 9 | 10-12 || total
-------------------------+-------+-------+-------+-------++-------
Melee: Long sword        |    51 |    91 |   154 |       ||   296
       Headbutt          |    11 |    29 |    73 |   103 ||   216
       Scimitar          |       |       |   183 |   371 ||   554
Invok: Animate Remains   |       |       |    15 |       ||    15
       Animate Dead      |       |       |     5 |    24 ||    29
       Recall Undead Sla |       |       |     1 |    11 ||    12
       Drain Life        |       |       |       |     1 ||     1
  Use: Scroll            |     5 |     2 |     9 |    10 ||    26
       Potion            |       |       |     2 |     3 ||     5
 Stab: Distracted        |       |       |       |     3 ||     3
  Eat: Chunk             |       |     7 |    18 |    20 ||    45
       Ration            |       |       |     1 |     2 ||     3
Armor: Scale mail        |    24 |    36 |    26 |       ||    86
       Plate armour      |       |       |   174 |   201 ||   375
Dodge: Dodged            |    32 |    53 |   142 |    91 ||   318
Block: Buckler           |       |       |       |     8 ||     8
       Rpst.: Long sword |     9 |    18 |    17 |       ||    44
       Scimitar          |       |       |    14 |    28 ||    42

Table legend:
 A = Non-vault XP
 B = Vault XP
 C = Vault XP percentage of total XP
 D = Non-vault monster count
 E = Vault monster count
 F = Vault count percentage of total count
                 A         B        C        D         E       F
            +---------+---------+-------+---------+---------+-------
      Total |   13079 |    6988 |  34.8 |     229 |      60 |  20.8
            +---------+---------+-------+---------+---------+-------
        D:1 |      35 |       0 |   0.0 |      16 |       0 |   0.0
        D:2 |     107 |       0 |   0.0 |      17 |       0 |   0.0
        D:3 |      77 |       0 |   0.0 |      15 |       0 |   0.0
        D:4 |     548 |     255 |  31.8 |      29 |       2 |   6.5
        D:5 |     515 |      34 |   6.2 |      11 |       1 |   8.3
        D:6 |    1082 |     205 |  15.9 |      27 |       8 |  22.9
        D:7 |    1339 |       0 |   0.0 |      32 |       0 |   0.0
        D:8 |     742 |     471 |  38.8 |      22 |       1 |   4.3
        D:9 |     715 |      79 |   9.9 |      13 |       2 |  13.3
       D:10 |    3193 |    2269 |  41.5 |      22 |      21 |  48.8
       D:11 |    2529 |    1632 |  39.2 |      14 |       6 |  30.0
     Lair:1 |    1979 |     753 |  27.6 |      10 |       4 |  28.6
     Lair:2 |     218 |     115 |  34.5 |       1 |      12 |  92.3
      IceCv |       0 |    1175 | 100.0 |       0 |       3 | 100.0
            +---------+---------+-------+---------+---------+-------
